 Seeded DCSS version 0.28-a0-312-gbced6e68ee (webtiles) character file.

Game seed: 7704828258330008827 (custom seed)

87 voltaire321 the Ducker (level 4, 0/34 HPs)
             Began as a Merfolk Gladiator on Aug 31, 2021.
             Slain by a goblin (5 damage)
             ... led by Robin
             ... on level 2 of the Dungeon.
             The game lasted 00:04:35 (1386 turns).

voltaire321 the Ducker (Merfolk Gladiator)          Turns: 1386, Time: 00:04:35

Health: 0/34       AC:  4    Str: 14    XL:     4   Next: 51%
Magic:  4/4        EV: 13    Int:  7    God:
Gold:   767        SH:  0    Dex: 16    Spells: 3/3 levels left

rFire   . . .      SeeInvis .   a - +0 long sword
rCold   . . .      Faith    .   (no shield)
rNeg    . . .      Spirit   .   b - +0 leather armour
rPois   .          Reflect  .   c - +0 helmet
rElec   .          Harm     .   (no cloak)
rCorr   .          Rampage  .   (no gloves)
Will    .....                   (no boots)
Stlth   +.........              (no amulet)
HPRegen 0.11/turn               (no ring)
MPRegen 0.09/turn               (no ring)

@: studying Long Blades
A: (nimble swimmer 2), mertail
a: no special abilities


You were on level 2 of the Dungeon.
You visited 1 branch of the dungeon, and saw 2 of its levels.

You collected 767 gold pieces.

Inventory:

Hand Weapons
 a - a +0 long sword (weapon)
Missiles
 d - 3 throwing nets (quivered)
 g - 21 poisoned darts
Armour
 b - a +0 leather armour (worn)
 c - a +0 helmet (worn)
Jewellery
 j - a ring of protection from cold
Scrolls
 e - a scroll of identify {unknown}
 f - a scroll of vulnerability {unknown}
 l - a scroll of fear {unknown}
Potions
 k - a potion of flight {unknown}


   Skills:
 + Level 2.9 Fighting
 + Level 4.3 Long Blades
 + Level 2.6 Throwing
 + Level 1.0 Armour
 + Level 4.8 Dodging


You had 3 spell levels left.
You didn't know any spells.
Your spell library was empty.

Dungeon Overview and Level Annotations

Branches:
Dungeon (2/15)

Altars:

Shops:
D:1 :

Annotations:
D:2 Robin


Innate Abilities, Weirdness & Mutations

((You are quick and stealthy near water. (Stealth+, EV+, Speed+++)))
Your lower body shifts to a powerful aquatic tail in water.


Message History

You barely miss the goblin. The goblin closely misses you. x2
You barely miss the goblin. The goblin hits you but does no damage.
The goblin hits you with a +0 dagger.
* * * LOW HITPOINT WARNING * * *
The goblin hits you but does no damage.
You slash the goblin!
You kill the goblin!
The goblin barely misses you.
You barely miss the goblin. The goblin barely misses you.
The goblin closely misses you. The goblin hits you with a +0 dagger.
* * * LOW HITPOINT WARNING * * *
You hit the goblin but do no damage. The goblin hits you with a +0 dagger.
* * * LOW HITPOINT WARNING * * *
The goblin closely misses you.
Robin roars a battlecry!
The goblins go into a battle-frenzy!
You hit the goblin.
You kill the goblin!
The goblin closely misses you.
Items here: $ )) [.
You hit the goblin.
You kill the goblin!
Robin throws the goblin at you!
* * * LOW HITPOINT WARNING * * *
You hit the goblin.
You kill the goblin!
The rat bites you.
* * * LOW HITPOINT WARNING * * *
You hit the rat.
You kill the rat!
You hit Robin.
Robin is moderately wounded.
You closely miss Robin.
Robin is moderately wounded.
Robin flexes a bicep menacingly.
Robin hits you but does no damage. The goblin barely misses you.
You barely miss Robin.
Robin is moderately wounded.
The goblin hits you with a +0 dagger.
You die...

######### #..g..).#
### ###.....#J### ..#
#..J...r#gg@#
#.####g#.....###g#
).^...gg.g........>
#.#...g#.....######..
#.#.#.##.....# ##
..#.#)########
..#.#.# .)#.#g####
..#.g....#


You could see Robin, an endoplasm and 2 goblins.

Vanquished Creatures
  3 adders (D:2)
  A worm (D:2)
  A dart slug (D:1)
  5 endoplasms
  A giant cockroach (D:1)
  12 goblins
  5 hobgoblins
  2 quokkas
  4 ball pythons (D:2)
  7 bats
  3 frilled lizards (D:1)
  A kobold (D:1)
  10 rats
55 creatures vanquished.

Notes
Turn   | Place    | Note
-------+----------+-------------------------------------------
     0 | D:1      | voltaire321 the Merfolk Gladiator began the quest for the
                  | Orb.
     0 | D:1      | Reached XP level 1. HP: 16/16 MP: 1/1
    40 | D:1      | Identified a scroll of acquirement
    40 | D:1      | Acquired a manual of Long Blades
   127 | D:1      | Found Iveklaap's Book Emporium.
   156 | D:1      | Reached XP level 2. HP: 18/23 MP: 2/2
   574 | D:1      | Reached XP level 3. HP: 28/28 MP: 3/3
   600 | D:1      | Acquired 700 gold pieces
  1010 | D:2      | Noticed Robin
  1331 | D:2      | Reached XP level 4. HP: 24/34 MP: 4/4
  1358 | D:2      | Reached skill level 1 in Armour
  1386 | D:2      | Slain by a goblin

Illustrated notes

Levels and vault maps discovered:
D:1:      shiori_shiawase, layout_loops_ring, serial_shops, shop,
          minmay_hexomino_u4
D:2:      layout_basic, minmay_snake_closets, uniq_robin

Skill      XL: |  1  2  3  4 |
---------------+-------------+-----
Long Blades    | 4 |  4.3
Armour         | 1 |  1.0
Fighting       | |  2.9
Throwing       | |  2.6
Dodging        | |  4.8

Action                   |  1- 3 |  4- 6 || total
-------------------------+-------+-------++-------
Melee: Long sword        |   126 |    39 ||   165
  Use: Scroll            |     2 |       ||     2
       Potion            |       |     2 ||     2
 Stab: Sleeping          |     1 |       ||     1
Armor: Leather armour    |    47 |    20 ||    67
Dodge: Dodged            |    83 |    43 ||   126

Table legend: (Time is in decaauts)
 A = Elapsed time spent in this place.
 B = Non-inter-level travel time spent in this place.
 C = Inter-level travel time spent in this place.
 D = Time resting spent in this place.
 E = Time spent auto-exploring this place.
 F = Levels seen in this place.
 G = Mean time per level.
                   A        B        C        D        E       F      G
               +--------+--------+--------+--------+--------+-----+--------+
         Total |   1420 |   1367 |     53 |      2 |    923 |   2 |  710.0 |
       Dungeon |   1420 |   1367 |     53 |      2 |    923 |   2 |  710.0 |
               +--------+--------+--------+--------+--------+-----+--------+

Top non-repeatable levels by time:
     D:1: 1058 daAuts
     D:2: 362 daAuts
